 Dungeon Crawl Stone Soup version 0.30.1-3-gfc49f6343a (webtiles) character file.

Game seed: 3926391347561349096

2157 Zeor the Carver (level 9, -1/66 HPs)
             Began as a Demonspawn Gladiator on Aug 5, 2023.
             Was a Follower of Yredelemnul.
             Slain by a hornet (12 damage)
             ... while paralysed by a hornet
             ... on level 7 of the Dungeon.
             The game lasted 00:27:23 (6000 turns).

Zeor the Carver (Demonspawn Gladiator)              Turns: 6000, Time: 00:27:25

Health: -1/66      AC: 17    Str: 14    XL:     9   Next: 10%
Magic:  10/10      EV:  2    Int:  9    God:    Yredelemnul [*.....]
Gold:   346        SH:  0    Dex: 20    Spells: 8/8 levels left

rFire   . . .        a - +1 long sword
rCold   . . .        (no shield)
rNeg    . . .        p - +0 plate armour
rPois   .            (helmet restricted)
rElec   .            (no cloak)
rCorr   .            (no gloves)
SInv    .            m - +1 pair of boots
Will    +....        (no amulet) Stlth
                     j - ring of willpower
HPRegen 0.31/turn    l - +4 ring of protection
MPRegen 0.12/turn

%: no passive effects
@: paralysed, mighty, agile
A: horns 1, ignite blood 1, powered by pain 3
a: Renounce Religion, Recall Undead Harvest


You were on level 7 of the Dungeon.
You worshipped Yredelemnul.
Yredelemnul was noncommittal.
You visited 2 branches of the dungeon, and saw 8 of its levels.

You collected 346 gold pieces.

Inventory:

Hand Weapons
 a - a +1 long sword (weapon)
Missiles
 d - 3 throwing nets
 e - 3 javelins
 f - 4 boomerangs of dispersal (quivered)
 t - 5 poisoned darts
 x - 3 silver boomerangs
Armour
 b - a +0 leather armour
 m - a +1 pair of boots (worn)
 p - a +0 plate armour (worn)
Jewellery
 j - a ring of willpower (left hand)
 l - a +4 ring of protection (right hand)
 r - an amulet of the acrobat
 u - an amulet of faith
Wands
 q - a wand of flame (24)
 s - a wand of polymorph (16)
 z - a wand of paralysis (4)
Scrolls
 c - 2 scrolls of enchant weapon
 n - a scroll of teleportation
 y - a scroll of immolation
 A - 2 scrolls of poison
Potions
 g - 3 potions of heal wounds
 h - a potion of haste {unknown}
 i - 2 potions of ambrosia
 k - 2 potions of degeneration {unknown}
 o - 7 potions of curing {unknown}
 v - 2 potions of flight
 w - 3 potions of attraction {unknown}
 B - a potion of lignification {unknown}
 D - 2 potions of brilliance


   Skills:
 + Level 4.4 Fighting
 * Level 9.6 Long Blades
 + Level 1.8 Throwing
 + Level 3.4 Armour
 + Level 3.4 Dodging
 + Level 0.4 Stealth
 * Level 2.5 Invocations


You had 8 spell levels left.
You didn't know any spells.
Your spell library contained the following spells:

 Spells                   Type           Power      Damage    Failure   Level
 Apportation              Tloc           0%         N/A       100%        1
 Necrotise                Necr           0%         1d4       100%        1
 Sting                    Tmut/Pois      0%         1d3       100%        1
 Poisonous Vapours        Pois/Air       0%         N/A       100%        2
 Ignite Poison            Fire/Tmut/Pois 0%         N/A       100%        3
 Vampiric Draining        Necr           0%         2d6       100%        3
 Vhi's Electric Charge    Tloc/Air       0%         N/A       100%        3
 Olgreb's Toxic Radiance  Pois           0%         N/A       100%        4
 Sticky Flame             Conj/Fire      0%         2d3       100%        4
 Agony                    Necr           0%         N/A       100%        5
 Alistair's Intoxication  Tmut/Pois      0%         N/A       100%        5
 Arcjolt                  Conj/Air       0%         1d10      100%        5
 Conjure Ball Lightning   Conj/Air       0%         3x3d6     100%        6
 Discord                  Hex            0%         N/A       100%        8
 Disjunction              Tloc           0%         N/A       100%        8
 Ignition                 Fire           0%         3d3       100%        8
 Maxwell's Capacitive Co  Air            0%         ∞         100%        8


Dungeon Overview and Level Annotations

Branches:
Dungeon (7/15)             Temple (1/1) D:6

Altars:
Cheibriados
Dithmenos
Fedhas
Gozag
Hepliaklqana
Kikubaaqudgha
Makhleb
Nemelex Xobeh
Okawaru
Qazlal
Ru
Trog
Uskayaw
Vehumet
Wu Jian
Xom
Yredelemnul

Shops:
D:5 (   D:6 *

Annotations:
D:2 1 runed translucent door, Crazy Yiuf
D:7 1 runed translucent door, d4rk's ghost, novice DsGl


Innate Abilities, Weirdness & Mutations

You have a pair of small horns on your head.
Your demonic aura sometimes causes spilled blood to erupt in flames.
You are powered by pain.


Message History

The bolt of fire hits you!!
You focus on the pain.
You feel agile all of a sudden.
Okay, then.
You feel very mighty all of a sudden. Maggie casts a spell at you.
The bolt of fire hits you!
The bolt of fire hits Pikel!
You slash Maggie! Your headbutt misses Maggie.
Maggie is lightly wounded.
Maggie is engulfed in blazing flames.
Maggie closely misses you. The hornet completely misses you.
You slash the hornet! Your headbutt misses the hornet.
The hornet is heavily wounded.
The hornet misses you.
Maggie is engulfed in blazing flames.
Maggie casts a spell.
Maggie attempts to bespell you!
You are mesmerised by Maggie!
The hornet stings you but does no damage.
You slash the hornet!
The hornet is almost dead.
Maggie is engulfed in blazing flames.
Maggie hits you with a +2 glaive of flaming!
Maggie burns you.
The hornet stings you but does no damage.
Your gnoll zombie barely misses Maggie.
Pikel barely misses Maggie.
You barely miss Maggie. You headbutt Maggie!
Maggie is severely wounded.
The hornet stings you.
You suddenly lose the ability to move!
Maggie is engulfed in blazing flames.
Maggie hits you with a +2 glaive of flaming!
* * * LOW HITPOINT WARNING * * *
Maggie burns you.
* * * LOW HITPOINT WARNING * * *
The hornet stings you but does no damage.
Your gnoll zombie hits Maggie but does no damage.
Pikel barely misses Maggie.
Maggie is engulfed in blazing flames.
You break out of your daze!
You kill Maggie!
The hornet stings you!
You die...
Your body rises from the dead as a mindless zombie.

▒∙∙∙∙∙∙∙∙∙∙∙
▒∙∙∙∙∙∙∙∙∙∙∙
▒▒∙∙▒∙∙∙∙∙∙∙∙ ▒
▒∙∙∙▒∙∙∙∙∙∙∙▒
▒▒▒▒∙∙∙∙∙∙∙∙∙∙∙▒
∙∙∙∙∙∙∙∙∙∙∙∙∙∙∙▒
∙∙∙∙∙∙∙∙∙∙▒▒∙∙∙▒▒▒
∙∙∙∙∙∙∙∙∙▒▒▒∙∙∙∙Z▒▒
∙∙∙∙∙∙∙∙∙▒▒∙∙∙∙∙6°▒▒▒∙
▒▒∙∙∙∙∙∙▒▒▒∙∙∙∙∙Zy∙∙∙∙∙∙
▒▒∙∙∙∙∙▒▒▒∙<∙∙∙∙∙∙∙∙∙∙∙
▒∙∙∙∙∙∙∙∙∙∙∙∙∙∙∙∙∙∙∙∙∙
▒∙∙∙∙∙∙∙∙∙∙▒▒∙∙∙∙∙∙∙∙▒
▒▒∙∙∙∙∙∙∙▒▒▒▒▒▒▒▒▒▒∙∙∙
▒▒∙∙∙∙∙∙∙▒ ∙∙∙
▒▒∙∙∙∙∙∙∙▒▒ ∙∙
▒▒∙∙∙∙∙∙∙▒▒


You could see a hornet, a friendly gnoll zombie and the friendly Pikel the
kobold zombie.

Vanquished Creatures
  Pikel (D:7)
  Maggie (D:7)
  Menkaure (D:4)
  An ice beast (D:6)
  An ogre (D:6)
  A phantom (D:5)
  2 bullfrogs
  4 scorpions
  2 jellies
  2 gnoll boudas
  4 orc priests
  2 hounds
  Natasha (thrice) (D:2)
  3 iguanas
  3 orc wizards
  3 sleepcaps (D:5)
  13 adders
  6 gnolls
  3 white imps (D:6)
  An ufetubus (D:5)
  A worm (D:2)
  2 dart slugs
  26 orcs
  7 ball pythons
  5 endoplasms
  4 giant cockroaches
  9 goblins
  10 hobgoblins
  4 quokkas
  4 bats
  4 frilled lizards
  A gnoll zombie (D:7)
  9 kobolds
  8 rats
151 creatures vanquished.

Vanquished Creatures (others)
  An orc wizard (D:6)
1 creature vanquished.

Grand Total: 152 creatures vanquished

Notes
Turn   | Place    | Note
-------+----------+-------------------------------------------
     0 | D:1      | Zeor the Demonspawn Gladiator began the quest for the Orb.
     0 | D:1      | Reached XP level 1. HP: 16/16 MP: 1/1
   114 | D:1      | Gained mutation: Your demonic aura sometimes causes spilled
                  | blood to erupt in flames. [demonic ancestry]
   114 | D:1      | Reached XP level 2. HP: 13/22 MP: 2/2
   324 | D:1      | Reached skill level 3 in Long Blades
   670 | D:1      | Gained mutation: You have a pair of small horns on your
                  | head. [demonic ancestry]
   670 | D:1      | Reached XP level 3. HP: 25/27 MP: 3/3
   765 | D:2      | Noticed Natasha
   773 | D:2      | Killed Natasha
   783 | D:2      | Noticed Natasha
   990 | D:2      | Gained mutation: You sometimes gain a little power by
                  | taking damage. [demonic ancestry]
   990 | D:2      | Reached XP level 4. HP: 33/33 MP: 4/4
  1157 | D:2      | Killed Natasha
  1158 | D:2      | Reached skill level 4 in Long Blades
  1158 | D:2      | Reached skill level 1 in Armour
  1384 | D:2      | Found a runed translucent door.
  1385 | D:2      | Noticed Crazy Yiuf
  1472 | D:2      | Noticed Natasha
  1478 | D:2      | Killed Natasha
  1479 | D:2      | Gained mutation: You sometimes gain power by taking damage.
                  | [demonic ancestry]
  1479 | D:2      | Reached XP level 5. HP: 30/38 MP: 5/5
  2117 | D:3      | Found an ornate altar of the Wu Jian Council.
  2133 | D:3      | Reached skill level 5 in Long Blades
  2444 | D:3      | Reached XP level 6. HP: 38/46 MP: 6/6
  2695 | D:3      | Found a sacrificial altar of Ru.
  2991 | D:4      | Noticed Menkaure
  3013 | D:4      | Killed Menkaure
  3014 | D:4      | Reached skill level 6 in Long Blades
  3014 | D:4      | Reached XP level 7. HP: 30/52 MP: 7/7
  3624 | D:5      | Entered Level 5 of the Dungeon
  3624 | D:5      | Found Ecuiduwk's Weapon Emporium.
  3855 | D:5      | Reached skill level 7 in Long Blades
  3982 | D:5      | Gained mutation: You are powered by pain. [demonic
                  | ancestry]
  3982 | D:5      | Reached XP level 8. HP: 29/58 MP: 8/8
  4189 | D:5      | Reached skill level 8 in Long Blades
  4504 | D:6      | Found an opulent altar of Gozag.
  4508 | D:6      | Found Gozag's Platinum Reserve.
  5112 | D:6      | Found a staircase to the Ecumenical Temple.
  5292 | Temple   | Entered the Ecumenical Temple
  5312 | Temple   | Became a worshipper of Yredelemnul the Dark
  5489 | D:7      | Reached skill level 9 in Long Blades
  5515 | D:7      | Noticed Pikel
  5518 | D:7      | Killed Pikel
  5519 | D:7      | Reached XP level 9. HP: 66/66 MP: 8/10
  5712 | D:7      | Reached * piety under Yredelemnul
  5881 | D:7      | Found a runed translucent door.
  5882 | D:7      | Noticed d4rk's ghost (novice DsGl)
  5990 | D:7      | Noticed Maggie
  5999 | D:7      | Paralysed by a hornet for 1 turns
  6000 | D:7      | Killed Maggie
  6000 | D:7      | Slain by a hornet

Illustrated notes

Levels and vault maps discovered:
D:1:      elethiomel_arrival_shortcut, layout_basic, minmay_3d_cube
D:2:      layout_loops_ring, uniq_natasha, uniq_crazy_yiuf_cottage
D:3:      layout_loops_corners, nicolae_ru_sacrificial_ziggurat,
          nicolae_wu_jian_wuxing_cycle
D:4:      layout_rooms, uniq_menkaure
D:5:      layout_cave_pools, serial_shops, nicolae_shop_trees,
          minmay_chambers_of_fives
D:6:      layout_basic, nicolae_gozag_zags_fifth_avenue,
          minmay_temple_entry_fiery
D:7:      layout_layer_cave, ebering_ghost_reflecting_pool, uniq_maggie,
          uniq_pikel
Temple:   hellmonk_temple_two_chambers

Skill      XL: |  1  2  3  4  5  6  7  8 |
---------------+-------------------------+-----
Dodging        | 3 |  3.4
Long Blades    | 3 4 5 6 7 9 |  9.6
Armour         | 1 2 3 |  3.4
Fighting       | 3 4 |  4.4
Invocations    | 2 |  2.5
Throwing       | |  1.8
Stealth        | |  0.4

Action                     |  1- 3 |  4- 6 |  7- 9 || total
---------------------------+-------+-------+-------++-------
  Melee: Long sword        |    78 |   129 |   200 ||   407
         Headbutt          |     4 |    18 |    44 ||    66
         Punch             |       |     1 |     4 ||     5
  Throw: Boomerang         |       |       |     1 ||     1
         Dart              |       |       |     1 ||     1
    Use: Scroll            |     4 |     4 |     5 ||    13
         Potion            |       |     2 |     5 ||     7
 Armour: Leather armour    |    21 |    24 |       ||    45
         Plate armour      |       |    35 |   171 ||   206
  Dodge: Dodged            |    47 |    58 |    65 ||   170
